 Dungeon Crawl Stone Soup version 0.25-a0-578-gc91f01c39c (webtiles) character file.

Game seed: 15997363890230395035, levelgen mode: deterministic

66 Flugslaktarn the Shield-Bearer (level 3, -2/34 HPs)
             Began as a Deep Dwarf Fighter on Mar 5, 2020.
             Slain by Sigmund
             ... wielding a cursed +0 scythe
              (8 damage)
             ... on level 2 of the Dungeon.
             The game lasted 00:00:14 (385 turns).

Flugslaktarn the Shield-Bearer (Deep Dwarf Fighter)  Turns: 385, Time: 00:00:15

Health: -2/34      AC:  7    Str: 20    XL:     3   Next: 96%
Magic:  3/3        EV:  7    Int:  8    God:
Gold:   19         SH:  9    Dex: 12    Spells: 2/2 levels left

rFire    . . .     SeeInvis .   a - +0 war axe
rCold    . . .     Gourm    .   c - +0 kite shield
rNeg     . . .     Faith    .   b - +0 scale mail
rPois    .         Spirit   .   (no helmet)
rElec    .         Reflect  .   (no cloak)
rCorr    .         Harm     .   (no gloves)
MR       .....                  (no boots)
Stlth    ..........             (no amulet)
HPRegen  0.00/turn              (no ring)
MPRegen  0.08/turn              (no ring)

@: non-regenerating
A: damage resistance, heal wounds, sense surroundings 1, no regeneration
a: Heal Wounds


You were on level 2 of the Dungeon.
You were not hungry.

You visited 1 branch of the dungeon, and saw 2 of its levels.

You collected 19 gold pieces.

Inventory:

Hand Weapons
 a - a +0 war axe (weapon)
Armour
 b - a +0 scale mail (worn)
 c - a +0 kite shield (worn)
Jewellery
 h - an uncursed ring of poison resistance {unknown}
   (You found it on level 2 of the Dungeon)
Scrolls
 f - a scroll of teleportation {unknown}
 j - a scroll of identify {unknown}
Potions
 d - a potion of might
 i - a potion of curing
Comestibles
 e - 2 rations
 g - 4 chunks of flesh


   Skills:
 + Level 3.1 Fighting
 * Level 3.4 Axes
 + Level 3.7 Armour
 + Level 3.8 Shields


You had 2 spell levels left.
You didn't know any spells.
Your spell library was empty.

Dungeon Overview and Level Annotations

Branches:
Dungeon (2/15)

Altars:

Annotations:
D:2 Sigmund


Innate Abilities, Weirdness & Mutations

You are resistant to damage.
You can heal yourself by infusing magical energy.
You passively map a small area around you.
You do not regenerate.


Message History

You swing at nothing.
You block something's attack.
You swing at nothing.
Something hits you.
You swing at nothing.
A magic dart appears from out of thin air!
The magic dart hits you.
You swing at nothing.
You hear some strange, mumbled words.
A puff of flame appears from out of thin air!
The puff of flame hits you. Something hits you!
You swing at nothing.
A magic dart appears from out of thin air!
The magic dart hits you.
* * * LOW HITPOINT WARNING * * *
You swing at nothing.
Something hits you but does no damage.
You swing at nothing.
Something hits you but does no damage.
You swing at nothing.
Something hits you!
* * * LOW HITPOINT WARNING * * *
You swing at nothing.
Something hits you but does no damage.
You swing at nothing.
Something hits you!
You die...

.###....####.........####...#.#
.....................+........##
###.....###..........####......#
#..#.## #.......# ##.#÷#.#
#.....# , #.....# ###...#
#.###.# *, #...# ##.##
#.###.###.# ##'## #.#
#.........# #.# #.# #####.#####
#@# #.# #.########.##########
#.# #.#.....#...........# #.#
#.#)###......######.# #.#
#.......#....######.###.#
###.....##.#.##.........#
#......)#.#.##.###.#####
#......÷.......###.#
#.......#.#..[.....#


There were no monsters in sight!

Vanquished Creatures
  Natasha (D:2)
  2 adders (D:2)
  2 oozes
  A dart slug (D:1)
  A bat (D:1)
  A giant cockroach (D:2)
  3 goblins
  A hobgoblin (D:2)
  A frilled lizard (D:2)
  A rat (D:2)
14 creatures vanquished.

Notes
Turn   | Place    | Note
-------+----------+-------------------------------------------
     0 | D:1      | Flugslaktarn the Deep Dwarf Fighter began the quest for the
                  | Orb.
     0 | D:1      | Reached XP level 1. HP: 20/20 MP: 1/1
    83 | D:1      | Reached XP level 2. HP: 27/27 MP: 2/2
   168 | D:2      | Reached XP level 3. HP: 23/33 MP: 3/3
   276 | D:2      | Noticed Natasha
   285 | D:2      | Killed Natasha
   367 | D:2      | Noticed Sigmund
   385 | D:2      | Slain by Sigmund

Levels and vault maps discovered:
D:1:      dpeg_arrival_ternary, layout_basic
D:2:      layout_loops_corners, first_ration, st_stairs_1, uniq_sigmund,
          uniq_natasha

Skill      XL: |  1  2  3 |
---------------+----------+-----
Axes           | 3 |  3.4
Fighting       | 3 |  3.1
Armour         | |  3.7
Shields        | |  3.8

Action                   || total
-------------------------++-------
Melee: War axe           ||    39
 Abil: Heal Wounds       ||     1
Armor: Scale mail        ||    15
Dodge: Dodged            ||     5
Block: Kite shield       ||    19

Table legend:
 A = Non-vault XP
 B = Vault XP
 C = Vault XP percentage of total XP
 D = Non-vault monster count
 E = Vault monster count
 F = Vault count percentage of total count
                 A         B        C        D         E       F
            +---------+---------+-------+---------+---------+-------
      Total |      59 |      36 |  37.9 |      13 |       1 |   7.1
            +---------+---------+-------+---------+---------+-------
        D:1 |      15 |       0 |   0.0 |       4 |       0 |   0.0
        D:2 |      44 |      36 |  45.0 |       9 |       1 |  10.0
            +---------+---------+-------+---------+---------+-------
